 Dungeon Crawl Stone Soup version 0.18.1-5-g4a78601 (webtiles) character file.

258 epen the Insei (level 5, -1/42 HPs)
             Began as a Demonspawn Monk on May 12, 2016.
             Killed from afar by Sigmund (10 damage)
             ... with a magic dart
             ... on level 3 of the Dungeon.
             The game lasted 00:04:44 (2212 turns).

epen the Insei (Demonspawn Monk)                    Turns: 2212, Time: 00:04:45

Health: -1/42      AC:  9    Str: 12    XL:     5   Next: 94%
Magic:  5/5        EV: 13    Int: 11    God:
Gold:   142        SH:  0    Dex: 14    Spells: 0 memorised, 4 levels left

rFire  + . .     SeeInvis .       - Unarmed
rCold  x . .     Gourm    .     a - +0 robe
rNeg   . . .     Faith    .     (no shield)
rPois  .         Spirit   .     (no helmet)
rElec  .         Dismiss  .     (no cloak)
rCorr  .         Reflect  .     (no gloves)
SustAt .         Harm     .     (no boots)
MR     .....     Rnd*Tele +     (no amulet)
Stlth  ++........               s - ring of teleportation (curse)
                                p - ring of fire

@: not resistant to hostile enchantments, unstealthy
A: rough black scales 2
a: no special abilities


You were on level 3 of the Dungeon.
You were hungry.

You visited 1 branch of the dungeon, and saw 3 of its levels.

You collected 142 gold pieces.

Inventory:

Armour
 a - a +0 robe (worn)
Jewellery
 p - a ring of fire (left hand)
 s - a cursed ring of teleportation (right hand)
Scrolls
 c - 6 scrolls of remove curse {unknown}
 e - 5 scrolls of fear {unknown}
 h - a scroll of enchant armour {unknown}
 j - a scroll of magic mapping {unknown}
 l - a scroll of noise {unknown}
 m - 3 scrolls of identify {unknown}
 n - 2 scrolls of teleportation {unknown}
 o - a scroll of enchant weapon {unknown}
 u - a scroll of amnesia {unknown}
Potions
 f - a potion of degeneration {unknown}
 g - a potion of lignification {unknown}
 i - a potion of haste {unknown}
 k - 3 potions of curing {unknown}
 q - a potion of agility {unknown}
 r - a potion of brilliance {unknown}
 t - a potion of heal wounds {unknown}
 v - a potion of mutation {unknown}
Comestibles
 b - 2 bread rations
 d - 3 meat rations


   Skills:
 + Level 4.0 Fighting
 + Level 2.1 Armour
 + Level 3.7 Dodging
 - Level 1.7 Stealth
 * Level 4.8 Unarmed Combat


You had 4 spell levels left.
You didn't know any spells.

Dungeon Overview and Level Annotations

Branches:
Dungeon (3/15)

Altars:
Dithmenos

Annotations:
D:3 Sigmund


Innate Abilities, Weirdness & Mutations

You are mostly covered in rough black scales (AC +7, Dex -2).


Message History

You hit Sigmund.
Sigmund is moderately wounded.
Sigmund hits you with a scythe!
You hit Sigmund but do no damage.
Sigmund is moderately wounded.
You hit Sigmund.
Sigmund is heavily wounded.
Sigmund hits you with a scythe!
* * * LOW HITPOINT WARNING * * *
You are too injured to fight recklessly!
You are too injured to fight recklessly!
Sigmund casts a spell at you. The magic dart hits you!
* * * LOW HITPOINT WARNING * * *
Found 14 sling bullets.
You see here 14 sling bullets.
Sigmund flickers, as though insubstantial.
Sigmund points at you and mumbles some strange words.
The magic dart hits you!
You die...

# # #. .. .# ## #.# .# #.
#.# .# #. ###.### .#.
##.....# #.#####.
##......####### #....(..
#.......@.....####..#####
##......#####.......###
#..@(..# #####.....#
#..#############.###†#
#..# #.[).)(..(# #.#
#..## #.#####.#.###.#
#...####.#####.#.....#
#........(.(......)###
#...###≈..≈###.....#


You could see Sigmund.

Vanquished Creatures
  The ghost of herpmino the Magician, an amateur TeTm (D:3)
  Jessica (D:3)
  7 adders
  3 oozes (D:2)
  4 worms (D:2)
  A dart slug (D:2)
  4 giant geckos
  An orc (D:3)
  A ball python (D:2)
  5 giant cockroaches (D:2)
  6 goblins
  5 hobgoblins
  11 jackals (D:2)
  A quokka (D:2)
  5 bats
  3 giant newts
  10 kobolds
  4 rats
73 creatures vanquished.

Notes
Turn   | Place    | Note
--------------------------------------------------------------
     0 | D:1      | epen the Demonspawn Monk began the quest for the Orb.
     0 | D:1      | Reached XP level 1. HP: 18/18 MP: 1/1
   368 | D:1      | Gained mutation: You are partially covered in rough black scales (AC +4, Dex -1). [demonic ancestry]
   368 | D:1      | Reached XP level 2. HP: 24/24 MP: 2/2
   744 | D:2      | Reached XP level 3. HP: 29/29 MP: 3/3
   805 | D:2      | Reached skill level 1 in Armour
  1073 | D:2      | Reached XP level 4. HP: 34/35 MP: 4/4
  1448 | D:2      | Found a shadowy altar of Dithmenos.
  1869 | D:2      | Gained mutation: You are mostly covered in rough black scales (AC +7, Dex -2). [demonic ancestry]
  1869 | D:2      | Reached XP level 5. HP: 32/41 MP: 5/5
  1959 | D:3      | Noticed herpmino's ghost (amateur TeTm)
  1985 | D:3      | Killed herpmino's ghost
  2153 | D:3      | Noticed Jessica
  2157 | D:3      | Noticed Sigmund
  2180 | D:3      | Killed Jessica
  2212 | D:3      | Killed from afar by Sigmund

Skill      XL: |  1  2  3  4  5 |
---------------+----------------+-----
Dodging        | 3 |  3.7
Unarmed Combat | 4 |  4.8
Armour         | 1 2 |  2.1
Fighting       | 4 |  4.0
Stealth        | |  1.7

Action                   |  1- 3 |  4- 6 || total
-------------------------+-------+-------++-------
Melee: Unarmed           |   126 |   181 ||   307
       Punch             |     1 |     7 ||     8
 Stab: Sleeping          |     1 |     2 ||     3
  Eat: Chunk             |       |     4 ||     4
Armor: Robe              |    33 |    58 ||    91
Dodge: Dodged            |    81 |    91 ||   172
